 Dungeon Sprint DCSS version 0.29-a0-542-g075992c915 (webtiles) character file.

Game seed: 8031256391881633335

35 rocky1 the Magician (level 3, -2/37 HPs)
             Began as a Djinni Fire Elementalist on May 29, 2022.
             Was an Initiate of Ashenzari.
             Slain by a gnoll sergeant
             ... wielding a +6 spear of flaming
              (10 damage)
             ... while paralysed by a floating eye
             ... in the Dungeon (Sprint VII: "The Pits") on June 4, 2022.
             The game lasted 00:01:56 (291 turns).

rocky1 the Magician (Djinni Fire Elementalist)       Turns: 291, Time: 00:01:56

Health: -2/37      AC:  2    Str:  7    XL:     3   Next: 52%
Gold:   0          EV:  2    Int: 18    God:    Ashenzari [......] SH:  0 Dex: 13

rFire   + + .      SeeInvis .   g - +2 falchion
rCold   x . .      Faith    .   (no shield)
rNeg    . . .      Spirit   .   a - +0 robe
rPois   ∞          Reflect  .   (no helmet)
rElec   .          Harm     .   (no cloak)
rCorr   .          Rampage  .   (no gloves)
Will    .....      NoTele   +   (boots unavailable)
Stlth   ..........              (no amulet)
HPRegen 0.12/turn               (no ring)
MPRegen 0.00/turn               (no ring)

@: paralysed, berserking (expiring), flying
A: sickness immunity, fire resistance 2, cold vulnerability 1, float, innate
caster, HP casting, extra vitality 1
a: Renounce Religion, Curse Item


You were in the Dungeon.
You worshipped Ashenzari.
Ashenzari was noncommittal.
You visited 1 branch

Inventory:

Hand Weapons
 g - a +2 falchion (weapon)
Armour
 a - a +0 robe (worn)
Scrolls
 f - a scroll of blinking
 i - a scroll of summoning
Potions
 b - a potion of curing
 c - a potion of heal wounds
 d - a potion of haste
 e - 2 potions of berserk rage
 h - 2 potions of invisibility


   Skills:
 - Level 2.1 Dodging
 - Level 1.5 Stealth
 + Level 5.4 Spellcasting


You couldn't memorise any spells.
You knew the following spells:

 Your Spells              Type           Power      Damage    Failure   Level
a - Foxfire               Conj/Fire      96%        2x1d8     1%          1
b - Scorch                Fire           48%        2d7       1%          2
c - Conjure Flame         Conj/Fire      24%        6-21      4%          3
d - Inner Flame           Hex/Fire       24%        N/A       4%          3
e - Flame Wave            Conj/Fire      24%        2d7       14%         4
f - Freeze                Ice            96%        1d11      1%          1
Your spell library was empty.

Dungeon Overview and Level Annotations

Branches:
Dungeon (1/1)

Altars:
Ashenzari
Cheibriados
Dithmenos
Elyvilon
Fedhas
Gozag
Hepliaklqana
Kikubaaqudgha
Makhleb
Nemelex Xobeh
Okawaru
Qazlal
Ru
Sif Muna
Trog
Uskayaw
Vehumet
Wu Jian
Xom
Yredelemnul
Zin
The Shining One
Beogh
Jiyva
Lugonu


Innate Abilities, Weirdness & Mutations

You are immune to sickness and miasma.
You are immune to poison.
Your flesh is very heat resistant. (rF++)
You are vulnerable to cold. (rC-)
You float through the air rather than walking.
You learn spells naturally, not from books.
Your magical power is your life essence.
You have superior vitality. (+4 MHP)


Message History

You barely miss the gnoll.
A river rat comes into view.
A gnoll sergeant comes into view. It is wielding a +6 spear of flaming.
You barely miss the gnoll. The gnoll hits you with a +0 club.
You slash the gnoll!
You kill the gnoll!
The goblin hits you with a +2 dagger of speed.
Your Spellcasting skill increases to level 4!
You have reached level 2!
You slash the goblin!
You kill the goblin!
You slice the gnoll!!
You kill the gnoll!
The river rat twitches its whiskers.
Your Spellcasting skill increases to level 5!
You have reached level 3!
Your experience leads to an increase in your attributes!
Increase (S)trength, (I)ntelligence, or (D)exterity?
You feel clever. x2
The power to cast Freeze wells up from within.
Spell assigned to 'f'.
Unknown command.
You slash the gnoll!
The gnoll is almost dead.
The gnoll sergeant closely misses you. The gnoll hits you with a +0 club!
The floating eye's stare focuses on you.
You slash the gnoll!
You kill the gnoll!
The river rat barely misses you.
The gnoll sergeant hits you with a +6 spear of flaming!
* * * LOW HITPOINT WARNING * * *
The gnoll sergeant burns you.
* * * LOW HITPOINT WARNING * * *
The floating eye gazes piercingly through you!
You suddenly lose the ability to move!
The river rat bites you.
* * * LOW HITPOINT WARNING * * *
The floating eye seems to glare at you.
The gnoll sergeant hits you with a +6 spear of flaming!
You die...

##########.##..........
#...........'..........
#+#####'#####......#..#
#.....# #..........
#.....# ####'#####+
###)### #.......#
#.....# #.......#
#....)# #.......#
####@## #...<...#
#..Grg...##.......#
#...gg...##.......#
###########.......#
#########


You could see a gnoll sergeant, a floating eye (charged), 2 gnolls and a river
rat.

Vanquished Creatures
  3 gnolls (D)
  A hobgoblin (D)
  A goblin (D)
  A jackal skeleton (D)
  2 kobolds (D)
  A quokka skeleton (D)
9 creatures vanquished.

Vanquished Creatures (others)
  12 foxfires (D)
12 creatures vanquished.

Grand Total: 21 creatures vanquished

Notes
Turn   | Place    | Note
-------+----------+-------------------------------------------
     0 | D        | rocky1 the Djinni Fire Elementalist began the quest for the
                  | Orb.
     0 | D        | Reached XP level 1. HP: 15/15 MP: 0/0
    19 | D        | Reached skill level 3 in Spellcasting
    24 | D        | Found a bloodstained altar of Trog.
    24 | D        | Found a viscous altar of Jiyva.
    24 | D        | Found a hazy altar of Hepliaklqana.
    24 | D        | Found an opulent altar of Gozag.
    25 | D        | Found a glowing golden altar of the Shining One.
    25 | D        | Found a glowing silver altar of Zin.
    25 | D        | Found a basalt altar of Yredelemnul.
    25 | D        | Found a shimmering altar of Xom.
    25 | D        | Found an ornate altar of the Wu Jian Council.
    25 | D        | Found a sacrificial altar of Ru.
    25 | D        | Found a stormy altar of Qazlal.
    25 | D        | Found an iron altar of Okawaru.
    25 | D        | Found a sparkling altar of Nemelex Xobeh.
    25 | D        | Found a burning altar of Makhleb.
    25 | D        | Found a blossoming altar of Fedhas.
    25 | D        | Found a white marble altar of Elyvilon.
    25 | D        | Found a shadowy altar of Dithmenos.
    25 | D        | Found a snail-covered altar of Cheibriados.
    28 | D        | Found a corrupted altar of Lugonu.
    29 | D        | Found a hide-covered altar of Uskayaw.
    29 | D        | Found a broken altar of Ashenzari.
    38 | D        | Became a worshipper of Ashenzari the Shackled
    82 | D        | Upgraded the game from 0.29-a0-506-ga2e7fffb44 to
                  | 0.29-a0-542-g075992c915
   282 | D        | Noticed a floating eye
   283 | D        | Noticed a gnoll sergeant
   286 | D        | Reached skill level 4 in Spellcasting
   286 | D        | Reached XP level 2. HP: 21/21 MP: 0/0
   288 | D        | Reached skill level 5 in Spellcasting
   288 | D        | Reached XP level 3. HP: 25/25 MP: 0/0
   288 | D        | Learned a level 1 spell: Freeze
   290 | D        | Paralysed by a floating eye for 4 turns
   291 | D        | Slain by a gnoll sergeant

Illustrated notes

Levels and vault maps discovered:
D:        pitsprint [storerooms_1, entrance_room_1, metal_vault_4, armoury_2,
          mini_pit_1, grid_room_1, main_hall_1, silver_pit, the_coven_1,
          the_vestibule_1, steel_vault_2, golden_pit, hallway_of_sentries,
          crystal_vault_2, iron_vault_2, final_vault]

Skill      XL: |  1  2 |
---------------+-------+-----
Spellcasting   | 4 5 |  5.4
Dodging        | |  2.1
Stealth        | |  1.5

Action                   || total
-------------------------++-------
Melee: Falchion          ||    11
 Cast: Foxfire           ||     6
  Use: Potion            ||     1
Dodge: Dodged            ||     6

Table legend: (Time is in decaauts)
 A = Elapsed time spent in this place.
 B = Non-inter-level travel time spent in this place.
 C = Inter-level travel time spent in this place.
 D = Time resting spent in this place.
 E = Time spent auto-exploring this place.
 F = Levels seen in this place.
 G = Mean time per level.
                   A        B        C        D        E       F      G
               +--------+--------+--------+--------+--------+-----+--------+
         Total |    290 |    290 |      0 |    160 |      0 |   1 |  290.0 |
       Dungeon |    290 |    290 |      0 |    160 |      0 |   1 |  290.0 |
               +--------+--------+--------+--------+--------+-----+--------+

Top non-repeatable levels by time:
       D: 290 daAuts
